TOP OF THE 1ST |
New York Mets batting - Pitching for Montreal Expos : RHP Antonio Atayde
|
Pitching: RHP Antonio Atayde
|
|
Batting: RHB Dave Concepcion
|
0-0: Ball 1-0: SINGLE (Groundball, 34D, EV 99.4 MPH)
|
Batting: RHB Jason Sickman
|
0-0: Ball 1-0: Called Strike 1-1: Swinging Strike 1-2: Strikes out swinging
|
Batting: LHB Lyman Bostock
|
0-0: Ball 1-0: Ball 2-0: Foul Ball, location: 2F 2-1: Swinging Strike 2-2: Ball 3-2: Fly out, F8 (Flyball, 8LXD, EV 84.4 MPH)
|
Batting: RHB Garry Maddox
|
0-0: Fielders Choice at 2nd, 5-4 (Groundball, 56, EV 97.5 MPH)
|
Top of the 1st over - 0 runs, 1 hit, 0 errors, 1 left on base; New York 0 - Montreal 0 |
BOTTOM OF THE 1ST |
Montreal Expos batting - Pitching for New York Mets : LHP Rick Jones
|
Pitching: LHP Rick Jones
|
|
Batting: LHB Duane Walker
|
0-0: Ground out 4-3 (Groundball, 4, EV 85.0 MPH)
|
Batting: SHB Garry Templeton
|
0-0: Foul Ball, location: 2F 0-1: Ball 1-1: Foul Ball, location: 2F 1-2: SINGLE (Groundball, 56S, EV 66.3 MPH) (infield hit)
|
Batting: LHB Kirk Gibson
|
0-0: Ball 1-0: Ball 2-0: Grounds into double play, 4-6-3 (Groundball, 4, EV 85.0 MPH)
|
Bottom of the 1st over - 0 runs, 1 hit, 0 errors, 0 left on base; New York 0 - Montreal 0 |
TOP OF THE 2ND |
New York Mets batting - Pitching for Montreal Expos : RHP Antonio Atayde
|
Batting: LHB John Kruk
|
0-0: Ball 1-0: Ball 2-0: Foul Ball, location: 2F 2-1: Foul Ball, location: 2F 2-2: Ball 3-2: Foul Ball, location: 2F 3-2: Fly out, F7 (Flyball, 78S, EV 91.9 MPH)
|
Batting: RHB Gary Redus
|
0-0: Ball 1-0: Ball 2-0: Fly out, F4 (Flyball, 34D, EV 79.4 MPH)
|
Batting: RHB Ray Knight
|
0-0: Ball 1-0: Foul Ball, location: 2F 1-1: Ball 2-1: Called Strike 2-2: Foul Ball, location: 2F 2-2: Ball 3-2: Strikes out swinging
|
Top of the 2nd over - 0 runs, 0 hits, 0 errors, 0 left on base; New York 0 - Montreal 0 |
BOTTOM OF THE 2ND |
Montreal Expos batting - Pitching for New York Mets : LHP Rick Jones
|
Batting: RHB Dale Murphy
|
0-0: Called Strike 0-1: Ball 1-1: Ball 2-1: Ball 3-1: Ground out 5-3 (Groundball, 56, EV 103.1 MPH)
|
Batting: RHB Dave Winfield
|
0-0: Ball 1-0: SINGLE (Groundball, 6MD, EV 101.9 MPH)
|
Batting: LHB Timnothy Meyer
|
0-0: Foul Ball, location: 2F 0-1: Ball 1-1: Ball 2-1: Ball 3-1: Fly out, F8 (Flyball, 8RXD, EV 83.8 MPH)
|
Batting: SHB Biff Pocoroba
|
0-0: Ball 1-0: Swinging Strike 1-1: Swinging Strike 1-2: Ball 2-2: Fly out, F8 (Flyball, 8RS, EV 90.0 MPH)
|
Bottom of the 2nd over - 0 runs, 1 hit, 0 errors, 1 left on base; New York 0 - Montreal 0 |
TOP OF THE 3RD |
New York Mets batting - Pitching for Montreal Expos : RHP Antonio Atayde
|
Batting: RHB Bill Almon
|
0-0: Ball 1-0: Foul Ball, location: 9LSF, Error on foul ball, E9 1-1: Ground out 6-3 (Groundball, 6, EV 85.6 MPH)
|
Batting: LHB Rick Jones
|
0-0: Ball 1-0: Ball 2-0: Fly out, F3 (Line Drive, 3, EV 66.9 MPH)
|
Batting: RHB Dave Concepcion
|
0-0: Called Strike 0-1: Ball 1-1: Swinging Strike 1-2: Fly out, F3 (Line Drive, 3, EV 62.5 MPH)
|
Top of the 3rd over - 0 runs, 0 hits, 1 error, 0 left on base; New York 0 - Montreal 0 |
BOTTOM OF THE 3RD |
Montreal Expos batting - Pitching for New York Mets : LHP Rick Jones
|
Batting: SHB Alex Ortiz
|
0-0: Called Strike 0-1: Ball 1-1: Ball 2-1: Ball 3-1: Ground out 1-3 (Groundball, 15S, EV 66.3 MPH)
|
Batting: RHB Antonio Atayde
|
0-0: Called Strike 0-1: Ball 1-1: Foul Ball, location: 2F 1-2: Foul Ball, location: 2F 1-2: Strikes out swinging
|
Batting: LHB Duane Walker
|
0-0: Fly out, F7 (Flyball, 78M, EV 91.9 MPH)
|
Bottom of the 3rd over - 0 runs, 0 hits, 0 errors, 0 left on base; New York 0 - Montreal 0 |
TOP OF THE 4TH |
New York Mets batting - Pitching for Montreal Expos : RHP Antonio Atayde
|
Batting: RHB Jason Sickman
|
0-0: Called Strike 0-1: Called Strike 0-2: Ball 1-2: Foul Ball, location: 2F 1-2: Ball 2-2: Foul Ball, location: 2F 2-2: DOUBLE (Line Drive, 3D, EV 95.6 MPH)
|
Batting: LHB Lyman Bostock
|
0-0: Called Strike 0-1: Fly out, F7 (Line Drive, 7D, EV 91.9 MPH) Runner from 2nd tags up, SAFE at 3rd with throw by LF
|
Batting: RHB Garry Maddox
|
0-0: Called Strike 0-1: Ball 1-1: Called Strike 1-2: Fly out, F7 (Flyball, 7D, EV 80.0 MPH) Runner from 3rd tags up, SCORES, no throw by LF
|
Batting: LHB John Kruk
|
0-0: Ball 1-0: Foul Ball, location: 2F 1-1: Foul Ball, location: 2F 1-2: Foul Ball, location: 2F 1-2: Fly out, F6 (Popup, 6, EV 76.9 MPH)
|
Top of the 4th over - 1 run, 1 hit, 0 errors, 0 left on base; New York 1 - Montreal 0 |
BOTTOM OF THE 4TH |
Montreal Expos batting - Pitching for New York Mets : LHP Rick Jones
|
Batting: SHB Garry Templeton
|
0-0: Ball 1-0: Bunted foul 1-1: Hit by Pitch
|
Batting: LHB Kirk Gibson
|
0-0: Ball 1-0: Called Strike 1-1: Ball 2-1: Called Strike 2-2: Strikes out swinging
|
Batting: RHB Dale Murphy
|
0-0: Ball 1-0: Swinging Strike 1-1: Swinging Strike 1-2: Grounds into double play, 5-4-3 (Groundball, 56, EV 91.9 MPH)
|
Bottom of the 4th over - 0 runs, 0 hits, 0 errors, 0 left on base; New York 1 - Montreal 0 |
TOP OF THE 5TH |
New York Mets batting - Pitching for Montreal Expos : RHP Antonio Atayde
|
Batting: RHB Gary Redus
|
0-0: Swinging Strike 0-1: Ball 1-1: Foul Ball, location: 2F 1-2: Strikes out swinging
|
Batting: RHB Ray Knight
|
0-0: Ball 1-0: Ball 2-0: Called Strike 2-1: Foul Ball, location: 2F 2-2: Reached on error, E5 (Groundball, 56S, EV 91.3 MPH)
|
Batting: RHB Bill Almon
|
0-0: Ball 1-0: Foul Ball, location: 2F 1-1: Foul Ball, location: 2F 1-2: Ball 2-2: SINGLE (Groundball, 56D, EV 107.5 MPH) Ray Knight to third Runner from 3rd tries for Home, SAFE, throw by LF to home
|
Batting: LHB Rick Jones
|
0-0: Called Strike 0-1: Bunt missed! 0-2: Sac Bunt to 13 - play at first, batter OUT! 1-4 Bill Almon to second
|
Batting: RHB Dave Concepcion
|
0-0: Swinging Strike 0-1: Fly out, F9 (Line Drive, 9, EV 90.0 MPH)
|
Top of the 5th over - 1 run, 1 hit, 1 error, 1 left on base; New York 2 - Montreal 0 |
BOTTOM OF THE 5TH |
Montreal Expos batting - Pitching for New York Mets : LHP Rick Jones
|
Batting: RHB Dave Winfield
|
0-0: Ball 1-0: Ball 2-0: Foul Ball, location: 2F 2-1: Ball 3-1: Base on Balls
|
Batting: LHB Timnothy Meyer
|
0-0: Sac Bunt to P - play at first, batter OUT! 1-3 Dave Winfield to second
|
Batting: SHB Biff Pocoroba
|
0-0: Foul Ball, location: 2F 0-1: Ground out 6-3 (Groundball, 6, EV 85.6 MPH)
|
Batting: SHB Alex Ortiz
|
0-0: Ball 1-0: Foul Ball, location: 2F 1-1: Ground out 5-3 (Groundball, 56, EV 100.6 MPH)
|
Bottom of the 5th over - 0 runs, 0 hits, 0 errors, 1 left on base; New York 2 - Montreal 0 |
TOP OF THE 6TH |
New York Mets batting - Pitching for Montreal Expos : RHP Antonio Atayde
|
Batting: RHB Jason Sickman
|
0-0: Called Strike 0-1: Fly out, F8 (Line Drive, 8RM, EV 92.5 MPH)
|
Batting: LHB Lyman Bostock
|
0-0: Ball 1-0: Foul Ball, location: 2F 1-1: Called Strike 1-2: Foul Ball, location: 2F 1-2: Ball 2-2: SINGLE (Line Drive, 7S, EV 87.5 MPH)
|
Batting: RHB Garry Maddox
|
0-0: Ball 1-0: Called Strike 1-1: Ball 2-1: Foul Ball, location: 2F 2-2: Strikes out swinging
|
Batting: LHB John Kruk
|
0-0: Ball 1-0: Called Strike 1-1: Ground out U3 (Groundball, 3, EV 105.6 MPH)
|
Top of the 6th over - 0 runs, 1 hit, 0 errors, 1 left on base; New York 2 - Montreal 0 |
BOTTOM OF THE 6TH |
Montreal Expos batting - Pitching for New York Mets : LHP Rick Jones
|
Batting: RHB Antonio Atayde
|
0-0: Ball 1-0: SINGLE (Groundball, 34D, EV 101.3 MPH)
|
Batting: LHB Duane Walker
|
0-0: Ball 1-0: Called Strike 1-1: Ball 2-1: Foul Ball, location: 2F 2-2: SINGLE (Groundball, 34S, EV 74.4 MPH) (infield hit) Antonio Atayde to second
|
Batting: SHB Garry Templeton
|
0-0: Called Strike 0-1: Ball 1-1: Ball 2-1: DOUBLE (Line Drive, 78D, EV 100.6 MPH) Antonio Atayde scores Duane Walker to third Runner from 3rd tries for Home, SAFE, throw by LF to trailing runner, SAFE at third!
|
Batting: LHB Kirk Gibson
|
0-0: Foul Ball, location: 2F 0-1: Ball 1-1: Fly out, F7 (Flyball, 78M, EV 90.6 MPH) Runner from 3rd tags up, SCORES, throw by LF
|
Batting: RHB Dale Murphy
|
0-0: Ball 1-0: Fly out, F5 (Flyball, 5D, EV 87.5 MPH)
|
Batting: RHB Dave Winfield
|
0-0: Called Strike 0-1: Ground out 6-3 (Groundball, 56, EV 90.0 MPH)
|
Bottom of the 6th over - 3 runs, 3 hits, 0 errors, 0 left on base; New York 2 - Montreal 3 |
TOP OF THE 7TH |
New York Mets batting - Pitching for Montreal Expos : RHP Antonio Atayde
|
Batting: RHB Gary Redus
|
0-0: Foul Ball, location: 2F 0-1: Foul Ball, location: 2F 0-2: Foul Ball, location: 2F 0-2: Foul Ball, location: 2F 0-2: Strikes out swinging
|
Batting: RHB Ray Knight
|
0-0: Ball 1-0: Foul Ball, location: 2F 1-1: Ball 2-1: Ball 3-1: Foul Ball, location: 2F 3-2: Fly out, F9 (Flyball, 9LD, EV 98.1 MPH)
|
Batting: RHB Bill Almon
|
0-0: Swinging Strike 0-1: Foul Ball, location: 2F 0-2: Strikes out swinging
|
Top of the 7th over - 0 runs, 0 hits, 0 errors, 0 left on base; New York 2 - Montreal 3 |
BOTTOM OF THE 7TH |
Montreal Expos batting - Pitching for New York Mets : LHP Rick Jones
|
Batting: LHB Timnothy Meyer
|
0-0: Foul Ball, location: 2F 0-1: Ball 1-1: Foul Ball, location: 2F 1-2: Foul Ball, location: 2F 1-2: Foul Ball, location: 2F 1-2: Ground out 4-3 (Groundball, 4D, EV 99.4 MPH)
|
Batting: SHB Biff Pocoroba
|
0-0: Ball 1-0: Ground out 2-3 (Groundball, 15S, EV 63.8 MPH)
|
Batting: SHB Alex Ortiz
|
0-0: Foul Ball, location: 2F 0-1: Foul Ball, location: 2F 0-2: Ball 1-2: Ball 2-2: Ground out 5-3 (Groundball, 56, EV 108.8 MPH)
|
Bottom of the 7th over - 0 runs, 0 hits, 0 errors, 0 left on base; New York 2 - Montreal 3 |
TOP OF THE 8TH |
New York Mets batting - Pitching for Montreal Expos : RHP Antonio Atayde
|
Pinch Hitting: LHB Alamazoo White
|
0-0: Ball 1-0: Called Strike 1-1: Ball 2-1: SINGLE (Line Drive, 7S, EV 95.6 MPH)
|
Batting: RHB Dave Concepcion
|
0-0: Sac Bunt to P - play at first, batter OUT! 1-4 Alamazoo White to second
|
Batting: RHB Jason Sickman
|
0-0: Called Strike 0-1: Foul Ball, location: 2F 0-2: Ball 1-2: Strikes out swinging
|
Batting: LHB Lyman Bostock
|
0-0: Ball 1-0: Ball 2-0: Called Strike 2-1: Ball 3-1: Base on Balls
|
Batting: RHB Garry Maddox
|
0-0: Fly out, F7 (Flyball, 7, EV 85.6 MPH)
|
Top of the 8th over - 0 runs, 1 hit, 0 errors, 2 left on base; New York 2 - Montreal 3 |
BOTTOM OF THE 8TH |
Montreal Expos batting - Pitching for New York Mets : LHP Rick Jones
|
Pitching: RHP Matt Adams
|
|
Batting: RHB Antonio Atayde
|
0-0: Called Strike 0-1: Ball 1-1: Called Strike 1-2: Ball 2-2: Ball 3-2: Strikes out looking
|
Batting: LHB Duane Walker
|
0-0: Ball 1-0: Ball 2-0: Ball 3-0: Called Strike 3-1: Called Strike 3-2: Strikes out swinging
|
Batting: SHB Garry Templeton
|
0-0: Ball 1-0: Called Strike 1-1: Swinging Strike 1-2: Foul Ball, location: 2F 1-2: Foul Ball, location: 2F 1-2: Ground out 3-1 (Groundball, 34, EV 87.5 MPH)
|
Bottom of the 8th over - 0 runs, 0 hits, 0 errors, 0 left on base; New York 2 - Montreal 3 |
TOP OF THE 9TH |
New York Mets batting - Pitching for Montreal Expos : RHP Antonio Atayde
|
Now in LF: Guonçalo Fernandes
|
|
Now in RF: Luis Sanchez
|
|
Batting: LHB John Kruk
|
0-0: Ball 1-0: Ball 2-0: Ball 3-0: Base on Balls
|
Batting: RHB Gary Redus
|
0-0: Ball 1-0: Called Strike 1-1: Fielders Choice at 2nd, 5-4 (Groundball, 5L, EV 99.4 MPH)
|
Batting: RHB Ray Knight
|
0-0: Ball 1-0: Grounds into double play, 6-4-3 (Groundball, 6D, EV 101.3 MPH)
|
Top of the 9th over - 0 runs, 0 hits, 0 errors, 0 left on base; New York 2 - Montreal 3 |
|